 Dungeon Crawl Stone Soup version 0.19.1-1-g22dce08 (webtiles) character file.

4877 graki42 the Thaumaturge (level 10, -6/52 HPs)
             Began as a Deep Elf Fire Elementalist on Dec 30, 2016.
             Was a Follower of Vehumet.
             Shot with an arrow by a centaur (16 damage)
             ... on level 9 of the Dungeon.
             The game lasted 00:38:46 (8676 turns).

graki42 the Thaumaturge (DEFE)                      Turns: 8676, Time: 00:38:47

Health: -6/52      AC:  7    Str:  8    XL:     10   Next: 26%
Magic:  16/27      EV: 15    Int: 21    God:    Vehumet [*.....]
Gold:   514        SH:  0    Dex: 15    Spells: 6 memorised, 15 levels left

rFire  . . .     SeeInvis .     n - staff of air
rCold  . . .     Gourm    .     y - +1 animal skin
rNeg   . . .     Faith    .     (no shield)
rPois  .         Spirit   .     A - +0 helmet
rElec  +         Reflect  .     w - +0 cloak
rCorr  .         Harm     .     l - +0 pair of gloves
MR     +....                    h - +0 pair of boots (curse)
Stlth  +++.......               (no amulet)
                                (no ring)
                                (no ring)

@: no status effects
A: no striking features
a: Renounce Religion


You were on level 9 of the Dungeon.
You worshipped Vehumet.
Vehumet was aware of your devotion.
You were not hungry.

You visited 2 branches of the dungeon, and saw 10 of its levels.
You also visited: Sewer and Ossuary.

You collected 514 gold pieces.

Inventory:

Armour
 h - a cursed +0 pair of boots (worn)
 l - a +0 pair of gloves (worn)
 w - a +0 cloak (worn)
 y - a +1 animal skin (worn)
 A - a +0 helmet (worn)
Magical Staves
 n - an uncursed staff of air (weapon)
 M - an uncursed staff of wizardry
Rods
 P - a +1 rod of shadows (9/13)
   (You found it on level 9 of the Dungeon)
Jewellery
 L - an uncursed ring of poison resistance {unknown}
Wands
 a - a wand of flame (19/48)
 O - a wand of slowing (26/48)
Scrolls
 d - 2 scrolls of immolation {unknown}
 e - 4 scrolls of teleportation {unknown}
 g - 3 scrolls of blinking
 j - 2 scrolls of magic mapping
 o - 2 scrolls of amnesia {unknown}
 q - 7 scrolls of remove curse {unknown}
 u - 3 scrolls of fear {unknown}
 z - a scroll of random uselessness {unknown}
 C - a scroll of noise
 D - 3 scrolls of silence {unknown}
 G - a scroll of identify
 H - a scroll of fog {unknown}
Potions
 f - 9 potions of curing
 i - 5 potions of brilliance {unknown}
 k - 2 potions of flight {unknown}
 m - 6 potions of heal wounds {unknown}
 r - a potion of agility
 t - 3 potions of might {unknown}
 v - a potion of magic {unknown}
 x - 2 potions of ambrosia {unknown}
 B - 2 potions of resistance {unknown}
 F - a potion of mutation {unknown}
 J - a potion of degeneration {unknown}
 K - a potion of cancellation {unknown}
Miscellaneous
 E - a phantom mirror
Comestibles
 b - 5 meat rations
 c - 3 bread rations
 p - 4 royal jellies
 s - 6 fruits
 I - 3 beef jerkies
 N - 3 chunks of flesh


   Skills:
 + Level 1.1 Fighting
 + Level 1.1 Staves
 + Level 5.2 Dodging
 + Level 4.6 Stealth
 + Level 0.2 Unarmed Combat
 + Level 11.6 Spellcasting
 + Level 8.0 Conjurations
 + Level 2.6 Hexes
 + Level 9.3 Fire Magic
 + Level 0.4 Air Magic
 + Level 0.4 Evocations


You had 15 spell levels left.
You knew the following spells:

 Your Spells              Type           Power        Failure   Level  Hunger
a - Flame Tongue          Conj/Fire      #####        1%          1    None
b - Conjure Flame         Conj/Fire      #####...     1%          3    None
c - Inner Flame           Hex/Fire       #####...     1%          3    None
d - Sticky Flame          Conj/Fire      #####...     1%          4    #......
e - Fireball              Conj/Fire      #####.....   4%          5    ####...
f - Shock                 Conj/Air       ####         1%          1    None


Dungeon Overview and Level Annotations

Branches:
Dungeon (9/15)             Temple (1/1) D:7
   Lair: D:8-11         Orc: D:9-12

Altars:
Ashenzari
Cheibriados
Dithmenos
Elyvilon
Fedhas
Gozag
Hepliaklqana
Kikubaaqudgha
Makhleb
Nemelex Xobeh
Okawaru
Qazlal
Ru
Sif Muna
Trog
Uskayaw
Vehumet
Xom
Yredelemnul
Zin
The Shining One

Shops:
D:6 !   D:8 %


Message History

You kill the orc!
Vehumet accepts your kill.
The centaur shoots an arrow.
The arrow closely misses your quasit. The arrow closely misses you.
Casting: Flame Tongue
Confirm with . or Enter, or press ? or * to list all spells.
You can't see any susceptible monsters within range! (Use Z to cast anyway.) Unknown command.
The centaur shoots an arrow.
The arrow barely misses you.
You see here a bread ration.
Casting: Flame Tongue
Confirm with . or Enter, or press ? or * to list all spells.
Okay, then.
The centaur shoots an arrow.
The arrow hits you.
The centaur shoots an arrow.
The arrow hits you.
You see here an arrow.
The centaur shoots an arrow.
The arrow hits you!
* * * LOW HITPOINT WARNING * * *
The centaur shoots an arrow.
The arrow hits you!
You die...

..#...# #)###.#
#.# #.#
###.###[# ##
#.......# #.
#######(.(....#
####.
..)).)........#
#<...
.######(%.....#
####.
##.5@....# #.
#...####.# ..
#...# #.# ##
#...# #.# #.c.#
#.# #...# .#
#.... #....
+....


You could see a centaur and a friendly quasit.

Vanquished Creatures
  A centaur warrior (D:8)
  Joseph (D:7)
  The ghost of graki42 the Magician, a novice DEFE of Vehumet (D:6)
  Psyche (D:8)
  A wyvern (D:7)
  Edmund (D:6)
  A black bear (D:6)
  3 ice beasts (D:8)
  3 phantoms
  An orc warrior (D:5)
  A necrophage (D:8)
  2 ogres
  A centaur (D:5)
  A big kobold (D:7)
  3 bullfrogs
  2 water moccasin zombies (Ossuary)
  3 scorpions
  6 killer bees (D:8)
  5 howler monkeys
  A centaur zombie (D:9)
  A crimson imp (D:8)
  A quasit (D:8)
  A bullfrog zombie (D:8)
  2 hounds (D:7)
  A centaur skeleton (D:4)
  4 orc priests
  An orc wizard (D:6)
  5 worker ants
  5 big kobold zombies (Ossuary)
  3 hound zombies
  2 hound skeletons
  2 mummies (Ossuary)
  Robin (D:4)
  6 gnolls
  12 adders
  3 river rats (Sewer)
  8 adder zombies
  4 worms
  2 dart slugs
  6 leopard geckos
  18 orcs
  2 bats (D:2)
  4 giant cockroaches
  9 goblins
  9 hobgoblins
  13 jackals
  6 kobolds
  5 quokkas
  5 ball pythons (Sewer)
  12 frilled lizards
  2 gnoll zombies (Ossuary)
  5 hobgoblin zombies (Ossuary)
  A jackal skeleton (D:4)
  7 kobold zombies (Ossuary)
  4 orc zombies (Ossuary)
  A quokka zombie (D:6)
  11 rats
  A rat zombie (D:6)
224 creatures vanquished.

Vanquished Creatures (others)
  An orc (D:5)
1 creature vanquished.

Grand Total: 225 creatures vanquished

Notes
Turn   | Place    | Note
-------+----------+-------------------------------------------
     0 | D:1      | graki42 the Deep Elf Fire Elementalist began the quest for the Orb.
     0 | D:1      | Reached XP level 1. HP: 10/10 MP: 6/6
   276 | D:1      | Reached XP level 2. HP: 15/15 MP: 5/8
   749 | D:2      | Reached XP level 3. HP: 19/19 MP: 2/9
   793 | D:2      | Learned a level 3 spell: Conjure Flame
   797 | D:2      | Learned a level 3 spell: Inner Flame
  1039 | D:2      | Found a faded altar of an unknown god.
  1074 | D:2      | Reached XP level 4. HP: 24/24 MP: 6/11
  1101 | D:2      | Found a snail-covered altar of Cheibriados.
  1101 | D:2      | Found a sacrificial altar of Ru.
  1445 | D:3      | Found a glowing drain.
  1461 | Sewer    | Entered a sewer
  1524 | Sewer    | Reached skill level 4 in Spellcasting
  1798 | Sewer    | Reached XP level 5. HP: 24/28 MP: 9/13
  2389 | D:4      | Reached skill level 5 in Fire Magic
  2515 | D:4      | Noticed an ogre
  2525 | D:4      | Killed an ogre
  2525 | D:4      | Reached skill level 5 in Spellcasting
  2525 | D:4      | Reached XP level 6. HP: 29/32 MP: 6/15
  3027 | D:4      | Noticed Robin
  3038 | D:4      | Killed Robin
  3192 | D:4      | Learned a level 4 spell: Sticky Flame
  3563 | D:5      | Entered Level 5 of the Dungeon
  3799 | D:5      | Noticed an orc warrior
  3835 | D:5      | Killed an orc warrior
  3835 | D:5      | Reached skill level 6 in Spellcasting
  3847 | D:5      | Reached skill level 1 in Hexes
  3847 | D:5      | Reached XP level 7. HP: 19/37 MP: 6/18
  4128 | D:5      | Found a shadowy altar of Dithmenos.
  4306 | D:6      | Noticed graki42's ghost (novice DEFE)
  4314 | D:6      | Found a sand-covered staircase.
  4322 | Ossuary  | Entered an ossuary
  4391 | Ossuary  | Reached skill level 7 in Spellcasting
  5048 | Ossuary  | Reached XP level 8. HP: 42/42 MP: 10/20
  5110 | D:6      | Reached skill level 5 in Conjurations
  5129 | D:6      | Killed graki42's ghost
  5272 | D:6      | Reached skill level 8 in Spellcasting
  5363 | D:6      | Found Poheida's Distillery.
  5516 | D:6      | Noticed Edmund
  5533 | D:6      | Killed Edmund
  5635 | D:6      | Learned a level 5 spell: Fireball
  5739 | D:6      | Reached skill level 9 in Spellcasting
  5858 | D:7      | Reached XP level 9. HP: 42/46 MP: 14/24
  5862 | D:7      | Noticed Joseph
  5871 | D:7      | Killed Joseph
  6295 | D:7      | Found a staircase to the Ecumenical Temple.
  6299 | Temple   | Entered the Ecumenical Temple
  6393 | Temple   | Became a worshipper of Vehumet
  6781 | D:7      | Reached skill level 10 in Spellcasting
  7028 | D:8      | Reached skill level 1 in Fighting
  7038 | D:8      | Reached skill level 1 in Staves
  7317 | D:8      | Found Begebruf's Food Boutique.
  7327 | D:8      | Reached skill level 5 in Dodging
  7328 | D:8      | Noticed Psyche
  7338 | D:8      | Killed Psyche
  8015 | D:8      | Reached * piety under Vehumet
  8015 | D:8      | Offered knowledge of Shock by Vehumet.
  8022 | D:8      | Learned a level 1 spell: Shock
  8214 | D:8      | Noticed a centaur warrior
  8220 | D:8      | Killed a centaur warrior
  8220 | D:8      | Reached skill level 11 in Spellcasting
  8220 | D:8      | Reached XP level 10. HP: 33/52 MP: 11/27
  8647 | D:9      | Identified a +1 rod of shadows (13/13) (You found it on level 9 of the Dungeon)
  8676 | D:9      | Shot with an arrow by a centaur

Skill      XL: |  1  2  3  4  5  6  7  8  9 10 |
---------------+-------------------------------+-----
Fire Magic     | 4 5 6 7 9 |  9.3
Dodging        | 3 4 5 |  5.2
Spellcasting   | 4 5 6 7 9 11 | 11.6
Stealth        | 3 4 |  4.6
Conjurations   | 2 3 4 6 7 8 |  8.0
Hexes          | 1 2 |  2.6
Fighting       | 1 |  1.1
Staves         | 1 |  1.1
Unarmed Combat | |  0.2
Air Magic      | |  0.4
Evocations     | |  0.4

Action                   |  1- 3 |  4- 6 |  7- 9 | 10-12 || total
-------------------------+-------+-------+-------+-------++-------
Melee: Unarmed           |       |     4 |     4 |       ||     8
       Staff             |       |       |    43 |       ||    43
 Cast: Flame Tongue      |    47 |   116 |   230 |    17 ||   410
       Conjure Flame     |       |     5 |    13 |     1 ||    19
       Inner Flame       |       |     4 |    10 |     2 ||    16
       Sticky Flame      |       |     1 |    21 |     3 ||    25
       Shock             |       |       |    12 |     8 ||    20
       Fireball          |       |       |     3 |       ||     3
Evoke: Wand              |       |       |     4 |       ||     4
       Rod               |       |       |       |     1 ||     1
  Use: Scroll            |       |     5 |     3 |       ||     8
       Potion            |       |     1 |     2 |       ||     3
 Stab: Sleeping          |       |     1 |     1 |       ||     2
  Eat: Chunk             |       |     9 |    12 |     2 ||    23
       Pizza             |       |       |     2 |       ||     2
       Fruit             |       |       |     1 |       ||     1
Armor: Robe              |     3 |     8 |       |       ||    11
       Animal skin       |       |       |    58 |    11 ||    69
Dodge: Dodged            |     7 |    27 |   150 |    15 ||   199
